 Dungeon Crawl Stone Soup version 0.21-a0-426-g98080a9 (webtiles) character file.

474 graki42 the Magician (level 6, -3/32 HPs)
             Began as a Deep Elf Fire Elementalist on Nov 5, 2017.
             Was an Initiate of Vehumet.
             Killed by nerve-wracking pain
             ... invoked by Grinder
              (12 damage)
             ... on level 5 of the Dungeon.
             The game lasted 00:12:42 (3352 turns).

graki42 the Magician (Deep Elf Fire Elementalist)   Turns: 3352, Time: 00:12:43

Health: -3/32      AC:  4    Str:  7    XL:     6   Next: 84%
Magic:  5/17       EV: 16    Int: 20    God:    Vehumet [......]
Gold:   81         SH:  0    Dex: 15    Spells: 7/18 levels left

rFire    . . .     SeeInvis .   y - -2 long sword (curse)
rCold    . . .     Gourm    .   (no shield)
rNeg     . . .     Faith    .   a - +0 robe
rPois    .         Spirit   .   n - +1 helmet
rElec    .         Reflect  .   d - scarf {repulsion}
rCorr    .         Harm     .   (no gloves)
MR       +....                  (no boots)
Stlth    ++........             (no amulet)
HPRegen  0.10/turn              u - ring of protection from magic
MPRegen  0.15/turn              w - +3 ring of evasion

@: repel missiles
A: no striking features
a: Renounce Religion


You were on level 5 of the Dungeon.
You worshipped Vehumet.
Vehumet was noncommittal.
You were near starving.

You visited 2 branches of the dungeon, and saw 6 of its levels.

You collected 81 gold pieces.

Inventory:

Hand Weapons
 y - a cursed -2 long sword (weapon)
Armour
 a - a +0 robe (worn)
 d - a scarf of repulsion (worn)
 i - a cursed -1 robe
 n - a +1 helmet (worn)
Jewellery
 e - an uncursed ring of see invisible
 u - a ring of protection from magic (left hand)
 w - a +3 ring of evasion (right hand)
Wands
 t - a wand of random effects (24/48)
Scrolls
 f - a scroll of remove curse
 h - a scroll of enchant weapon
 j - a scroll of teleportation
Potions
 k - a potion of invisibility {unknown}
 l - a potion of curing
 p - a potion of lignification {unknown}
 q - a potion of ambrosia {unknown}
 s - a potion of flight {unknown}
Books
 b - a book of Flames

   Spells                             Type                      Level
   a - Flame Tongue                   Conjuration/Fire             1
   b - Throw Flame                    Conjuration/Fire             2
   c - Conjure Flame                  Conjuration/Fire             3
   d - Inner Flame                    Hexes/Fire                   3
   e - Sticky Flame                   Conjuration/Fire             4
   f - Fireball                       Conjuration/Fire             5
Comestibles
 c - 4 bread rations
 g - a meat ration
 v - 2 royal jellies


   Skills:
 + Level 2.9 Dodging
 + Level 3.2 Stealth
 + Level 6.8 Spellcasting
 + Level 3.5 Conjurations
 + Level 0.5 Hexes
 + Level 5.2 Fire Magic


You had 7 spell levels left.
You knew the following spells:

 Your Spells              Type           Power        Failure   Level  Hunger
a - Flame Tongue          Conj/Fire      ###..        1%          1    None
b - Conjure Flame         Conj/Fire      ###.....     4%          3    #......
c - Inner Flame           Hex/Fire       ###.....     9%          3    #......
d - Sticky Flame          Conj/Fire      ###.....     16%         4    ###....


Dungeon Overview and Level Annotations

Branches:
Dungeon (5/15)             Temple (1/1) D:4

Altars:
Ashenzari
Elyvilon
Gozag
Hepliaklqana
Nemelex Xobeh
Qazlal
Ru
Vehumet
Xom

Annotations:
D:5 Grinder


Message History

The centaur burns!
You kill the centaur!
Vehumet accepts your kill.
Grinder says, "I used to sell toenails on the black market."
Things that are here:
an uncursed shortbow; 15 arrows
Casting: Flame Tongue
Confirm with . or Enter, or press ? or * to list all spells.
Aiming: Sticky Flame
Press: ? - help, Shift-Dir - straight line, f - Grinder
Aim: Grinder (heavily wounded)
The sticky flame hits Grinder.
Grinder is severely wounded.
Grinder is covered in liquid flames!
Grinder burns!
Grinder hits you.
You writhe in agony.
* * * LOW HITPOINT WARNING * * *
Grinder burns!
Grinder gestures at you. Pain shoots through your body!
You die...

######### #.......#
#.......# #.......#
#.......#
######.......#######
#...................
#...................
#.........5)@.......
#...................
#####........(..........
.......>..>#############
...........#
...........#
...........#
...........#
........####


You could see Grinder (burning).

Vanquished Creatures
  The ghost of ohad the Changer, an amateur OpTm of Cheibriados (D:4)
  A centaur (D:5)
  A howler monkey (D:4)
  A jelly (D:2)
  An iguana (D:4)
  An orc wizard (D:3)
  3 adders
  2 worms (D:2)
  5 dart slugs
  4 leopard geckos
  2 orcs (D:3)
  7 bats
  6 giant cockroaches
  8 goblins
  5 hobgoblins
  A quokka (D:4)
  2 ball pythons
  4 frilled lizards
  6 kobolds
  5 rats
66 creatures vanquished.

Notes
Turn   | Place    | Note
-------+----------+-------------------------------------------
     0 | D:1      | graki42 the Deep Elf Fire Elementalist began the quest for the Orb.
     0 | D:1      | Reached XP level 1. HP: 10/10 MP: 6/6
   220 | D:1      | Reached XP level 2. HP: 12/15 MP: 1/8
   627 | D:1      | Reached XP level 3. HP: 19/19 MP: 5/10
   645 | D:1      | Learned a level 3 spell: Conjure Flame
   649 | D:1      | Learned a level 3 spell: Inner Flame
   686 | D:2      | Found a shimmering altar of Xom.
   690 | D:2      | Reached skill level 4 in Spellcasting
  1106 | D:2      | Reached XP level 4. HP: 24/24 MP: 6/12
  1827 | D:3      | Reached skill level 5 in Spellcasting
  2017 | D:3      | Reached XP level 5. HP: 26/28 MP: 10/14
  2023 | D:3      | Learned a level 4 spell: Sticky Flame
  2439 | D:4      | Noticed ohad's ghost (amateur OpTm)
  2446 | D:4      | Killed ohad's ghost
  2446 | D:4      | Reached skill level 6 in Spellcasting
  2446 | D:4      | Reached XP level 6. HP: 32/32 MP: 5/17
  2553 | D:4      | Found a staircase to the Ecumenical Temple.
  2559 | Temple   | Entered the Ecumenical Temple
  2567 | Temple   | Became a worshipper of Vehumet
  2928 | D:4      | Found a sacrificial altar of Ru.
  2958 | D:4      | Reached skill level 5 in Fire Magic
  3263 | D:5      | Entered Level 5 of the Dungeon
  3338 | D:5      | Noticed Grinder
  3352 | D:5      | Killed from afar by Grinder

Vault maps used:
D:1:      mrwooster_arrival_statue_2
D:2:      xom_teletrap_fun
D:3:      first_bread
D:4:      old_standard_altar, minmay_temple_entry_hall
D:5:      grunt_temple_overflow_open, cheibrodos_sewer_entry_bend, uniq_grinder
Temple:   nicolae_temple_great_sept

Skill      XL: |  1  2  3  4  5  6 |
---------------+-------------------+-----
Spellcasting   | 4 5 6 |  6.8
Fire Magic     | 4 5 |  5.2
Conjurations   | 2 3 |  3.5
Stealth        | 3 |  3.2
Dodging        | |  2.9
Hexes          | |  0.5

Action                   |  1- 3 |  4- 6 || total
-------------------------+-------+-------++-------
 Cast: Flame Tongue      |    73 |    52 ||   125
       Conjure Flame     |     1 |     4 ||     5
       Inner Flame       |       |     2 ||     2
       Sticky Flame      |       |     3 ||     3
  Use: Scroll            |       |    11 ||    11
  Eat: Chunk             |       |     4 ||     4
       Royal jelly       |       |     1 ||     1
Armor: Robe              |     9 |       ||     9
Dodge: Dodged            |    36 |    11 ||    47
       Deflected         |     1 |     1 ||     2
       Rpst.: Long sword |       |     2 ||     2

Table legend:
 A = Spawn XP
 B = Non-spawn XP
 C = Spawn XP percentage of total XP
 D = Spawn monster count
 E = Non-spawn monster count
 F = Spawn count percentage of total count
 G = Total turns spent on level
                    A         B        C        D         E        F      G
               +---------+---------+-------+---------+---------+-------+---------
         Total |       0 |     678 |   0.0 |       0 |      66 |   0.0 |  3352
               +---------+---------+-------+---------+---------+-------+---------
           D:1 |       0 |      46 |   0.0 |       0 |      23 |   0.0 |   683
           D:2 |       0 |      87 |   0.0 |       0 |      19 |   0.0 |   970
           D:3 |       0 |      93 |   0.0 |       0 |      18 |   0.0 |   723
           D:4 |       0 |     342 |   0.0 |       0 |       5 |   0.0 |   870
           D:5 |       0 |     110 |   0.0 |       0 |       1 |   0.0 |    89
               +---------+---------+-------+---------+---------+-------+---------
